 Dungeon Crawl Stone Soup version 0.28-a0-1567-g1695149f81 (webtiles) character file.

Game seed: 16609725935016257679

181035 Shayle the Warrior (level 17, -1/195 HPs)
             Began as an Ogre Warper on Jan 19, 2022.
             Was an Elder of Qazlal.
             Killed from afar by a raiju (6 damage)
             ... with a living lightning
             ... on level 3 of the Abyss.
             The game lasted 02:25:27 (48300 turns).

Shayle the Warrior (Ogre Warper)                   Turns: 48300, Time: 02:25:28

Health: -1/195     AC: 20    Str: 24    XL:     17   Next: 93%
Magic:  13/23      EV: 13    Int: 26    God:    Qazlal [****..]
Gold:   3278       SH: 19    Dex: 13    Spells: 4/20 levels left

rFire   + . .      SeeInvis .   q - +6 shillelagh "Devastator" {shatter}
rCold   + . .      Faith    +   N - +0 kite shield
rNeg    . . .      Spirit   .   M - +4 acid dragon scales
rPois   .          Reflect  .   O - +2 hat
rElec   +          Harm     .   P - +2 cloak
rCorr   +          Rampage  .   (gloves unavailable)
Will    +....      Rage     9%  (boots unavailable)
Stlth   +.........              z - amulet of faith
HPRegen 0.00/turn               X - ring "Dyhatum" {rElec Int+6 Dex+2}
MPRegen 0.18/turn               d - ring of Finality {rF+ Str+5 Dex+3 Slay+4}

@: about to teleport, protected from physical damage, on berserk cooldown, sick,
slowed, repel missiles, unable to read, very slow
A: large, unfitting armour, tough skin 1, large bone plates 1, cold resistance
1, [berserk 3], [low mp 2], [inability to read while threatened]
}: 1/15 runes: decaying
a: Renounce Religion, Upheaval, Elemental Force


You were on level 3 of the Abyss.
You worshipped Qazlal.
Qazlal was greatly pleased with you.
You visited 7 branches of the dungeon, and saw 29 of its levels.
You visited the Abyss 1 time.

You collected 3584 gold pieces.
You spent 306 gold pieces at shops.

Inventory:

Hand Weapons
 o - a +5 vorpal eveningstar
 q - the +6 shillelagh "Devastator" (weapon) {shatter}
   (You found it on level 2 of the Dungeon)

   It releases a powerful concussive burst when it strikes, dealing extra damage
   to the target and all other foes adjacent to them.
 T - the +7 long sword of Broken Luck {venom, MP+9 Int+7}
   (You found it on level 11 of the Dungeon)

   It poisons the flesh of those it strikes.
   Int:       It affects your intelligence (+7).
   MP:        It affects your magic capacity (+9).
Missiles
 b - a curare-tipped dart
 G - 3 throwing nets (quivered)
 Q - 2 boomerangs of dispersal
 U - 7 silver javelins
Armour
 l - a scarf of resistance
 M - +4 acid dragon scales (worn)
 N - a +0 kite shield (worn)
 O - a +2 hat (worn)
 P - a +2 cloak (worn)
Jewellery
 d - the ring of Finality (right hand) {rF+ Str+5 Dex+3 Slay+4}
   (You acquired it on level 4 of the Dungeon)

   [ring of slaying]

   Str:       It affects your strength (+5).
   Dex:       It affects your dexterity (+3).
   Slay:      It affects your accuracy & damage with ranged weapons and melee
   (+4).
   rF:        It protects you from fire.
 j - a +4 ring of slaying
 k - a ring of wizardry
 z - an amulet of faith (around neck)
 E - a ring of protection from fire
 X - the ring "Dyhatum" (left hand) {rElec Int+6 Dex+2}
   (You acquired it on level 1 of the Lair of Beasts)

   [ring of intelligence]

   Int:       It affects your intelligence (+6).
   Dex:       It affects your dexterity (+2).
   rElec:     It insulates you from electricity.
Wands
 c - a wand of iceblast (55)
 J - a wand of flame (15)
 L - a wand of mindburst (24)
Scrolls
 a - 2 scrolls of fear
 e - 2 scrolls of immolation
 p - 5 scrolls of magic mapping
 u - 3 scrolls of silence
 x - 3 scrolls of fog
 y - 4 scrolls of teleportation
 D - 2 scrolls of torment
Potions
 f - 4 potions of might
 i - 2 potions of magic
 m - 2 potions of mutation
 n - 3 potions of brilliance
 r - 4 potions of berserk rage
 t - 6 potions of curing
 A - 11 potions of lignification
 B - a potion of resistance
 H - 2 potions of flight
 Y - 5 potions of cancellation
Miscellaneous
 h - a tin of tremorstones (2/2)
 K - a condenser vane


   Skills:
 + Level 18.2 Fighting
 - Level 7.6 Throwing
 * Level 4.3 Armour
 + Level 12.3 Dodging
 - Level 9.0 Shields
 - Level 7.3 Unarmed Combat
 - Level 2.4 Spellcasting
 - Level 2.6 Translocations
 - Level 9.0 Transmutations
 - Level 10.5 Air Magic
 - Level 16.6 Invocations


You had 4 spell levels left.
You knew the following spells:

 Your Spells              Type           Power      Damage    Failure   Level
a - Blink                 Tloc           34%        N/A       12%         2
b - Vampiric Draining     Necr           3%         2d6       56%         3
c - Airstrike             Air            27%        N/A       3%          4
d - Storm Form            Tmut/Air       26%        N/A       98%         7

Your spell library contained the following spells:

 Spells                   Type           Power      Damage    Failure   Level
 Beastly Appendage        Tmut           100%       N/A       1%          1
 Wereblood                Tmut           50%        N/A       1%          2
 Swiftness                Air            55%        N/A       1%          3
 Shock                    Conj/Air       100%       1d9       2%          1
 Sting                    Tmut/Pois      100%       1d8       3%          1
 Poisonous Vapours        Pois/Air       60%        N/A       4%          2
 Passwall                 Tmut/Erth      21%        N/A       5%          2
 Spider Form              Tmut/Pois      26%        N/A       11%         3
 Magic Dart               Conj           12%        1d3       24%         1
 Pain                     Necr           12%        1d4       24%         1
 Sandblast                Erth           6%         2d5       24%         1
 Slow                     Hex            12%        N/A       24%         1
 Gell's Gravitas          Tloc           17%        N/A       24%         3
 Lesser Beckoning         Tloc           17%        N/A       24%         3
 Teleport Other           Tloc           17%        N/A       24%         3
 Summon Lightning Spire   Summ/Air       30%        N/A       26%         4
 Searing Ray              Conj           6%         2d4       34%         2
 Ice Form                 Ice/Tmut       26%        N/A       36%         4
 Petrify                  Tmut/Erth      26%        N/A       36%         4
 Portal Projectile        Hex/Tloc       20%        N/A       38%         3
 Call Canine Familiar     Summ           3%         N/A       56%         3
 Confusing Touch          Hex            3%         N/A       56%         3
 Frozen Ramparts          Ice            6%         1d2       56%         3
 Ozocubu's Armour         Ice            3%         N/A       56%         3
 Summon Guardian Golem    Hex/Summ       3%         N/A       56%         3
 Passage of Golubria      Tloc           17%        N/A       61%         4
 Iskenderun's Mystic Bla  Conj/Tloc      10%        2d4       80%         4
 Fulminant Prism          Conj/Hex       1%         3d6       93%         4
 Hailstorm                Conj/Ice       3%         3d3       93%         4
 Leda's Liquefaction      Hex/Erth       1%         N/A       93%         4
 Olgreb's Toxic Radiance  Pois           3%         N/A       93%         4
 Summon Ice Beast         Ice/Summ       3%         N/A       93%         4
 Blade Hands              Tmut           25%        N/A       16%         5
 Silence                  Hex/Air        15%        N/A       58%         5
 Manifold Assault         Tloc           17%        N/A       91%         5
 Statue Form              Tmut/Erth      17%        N/A       99%         6
 Agony                    Necr           3%         N/A       100%        5
 Excruciating Wounds      Necr           1%         N/A       100%        5
 Lee's Rapid Deconstruct  Erth           1%         3d5*      100%        5
 Simulacrum               Ice/Necr       1%         N/A       100%        6
 Orb of Destruction       Conj           1%         9d5       100%        7
 Ozocubu's Refrigeration  Ice            1%         4d5       100%        7
 Spellforged Servitor     Conj/Summ      1%         N/A       100%        7
 Lehudib's Crystal Spear  Conj/Erth      1%         10d2      100%        8
 Maxwell's Capacitive Co  Air            27%        ∞         100%        8


Dungeon Overview and Level Annotations

Branches:
Dungeon (14/15)            Temple (1/1) D:4            Lair (6/6) D:8
  Swamp (4/4) Lair:4       Spider (1/4) Lair:4        Slime (0/5) Lair:5
    Orc (2/2) D:11            Elf (0/3) Orc:2        Vaults (1/5) D:14

Altars:
Dithmenos
Elyvilon
Kikubaaqudgha
Makhleb
Nemelex Xobeh
Okawaru
Qazlal
Ru
Sif Muna
Trog
Uskayaw
Wu Jian
Yredelemnul
Zin
The Shining One
Beogh
Jiyva
Lugonu

Shops:
D:9 :[   Orc:2 ?:=?

Portals:
Abyss: Lair:6


Innate Abilities, Weirdness & Mutations

You are too large for most types of armour.
You have tough skin. (AC +1)
You are partially covered in large bone plates. (SH +4)
Your flesh is cold resistant. (rC+)
[You have an uncontrollable temper.]
[Your magical capacity is very low. (-20% MP)]
[You sometimes lose the ability to read scrolls when taking damage.]


Message History

The bolt of poison hits the quasit!
The bolt of poison misses you.
A raiju comes into view.
You block the quasit's attack. x2
The quasit claws you but does no damage.
Okay, then.
Aiming: Upheaval
Press: ? - help, Dir - move target The ground shakes violently, spewing rubble!
The blast of rubble hits the guardian serpent.
The guardian serpent is severely wounded.
The blast of rubble hits the quasit!!
You kill the quasit!
That felt strangely unrewarding.
You feel very sick.
You hear a bark!
The naga warrior is no longer encased in ice.
The guardian serpent coils itself and waves its upper body at you.
The bolt of poison hits you!
You are more poisoned.
You feel threatened and lose the ability to read scrolls!
* * * LOW HITPOINT WARNING * * *
The raiju bursts into living lightning!
The living lightning hits the raiju.
The raiju completely resists.
The living lightning hits you. You resist.
* * * LOW HITPOINT WARNING * * *
The raiju blinks! x2
Unknown command.
You feel better. The guardian serpent hits you!
* * * LOW HITPOINT WARNING * * *
A raiju comes into view.
You block the raiju's attack.
The raiju bursts into living lightning!
The living lightning hits the raiju.
The raiju completely resists.
The living lightning is repelled.
The raiju blinks! x2
You block the guardian serpent's attack.
The raiju bursts into living lightning!
The living lightning hits the raiju.
The raiju completely resists.
The living lightning hits the raiju.
The raiju completely resists.
The living lightning hits you. You resist.
You die...

## .#. . .
.#
...≈.≈.###.
#
...≈.≈#.....
........h...
.#
..........#
#
.......#.#..
...
.≈≈..N°h#. #
#..
......Sh#. .
#. #@#. .#
#####..##.
#.# ## .. #.
.. # #


You could see a naga warrior, a guardian serpent and 3 raiju.

Vanquished Creatures
  Rupert (D:14)
  A lich (Abyss:3)
  A tentacled starspawn (Abyss:3)
  Gastronok (D:12)
  Roxanne (Swamp:3)
  A fire giant (Vaults:1)
  A vault warden (Vaults:1)
  Louise (Swamp:2)
  An ironbound preserver (Vaults:1)
  A cacodemon (Abyss:3)
  3 ghouls (Swamp:3)
  An ironbound thunderhulk (Vaults:1)
  6 eleionomae
  4 bunyips
  Josephine (Orc:2)
  A shambling mangrove (Swamp:4)
  A great orb of eyes (Abyss:3)
  Harold (Lair:2)
  A rakshasa (Abyss:3)
  A hydra (shapeshifter) (Lair:6)
  Fannar (D:12)
  2 vault guards (Vaults:1)
  7 boulder beetles
  A catoblepas (Lair:3)
  5 ogre magi
  21 hydras
  An ironbound frostheart (Vaults:1)
  2 ghost crabs (Swamp:1)
  9 centaur warriors
  Erica (Lair:1)
  A spriggan air mage (Swamp:2)
  A death knight (D:13)
  4 death yaks (Lair:2)
  Urug (D:14)
  16 two-headed ogres
  7 alligators
  3 hell hogs (Abyss:3)
  2 thrashing horrors (Lair:6)
  5 spriggans
  A sun demon (Abyss:3)
  Nergalle (Lair:2)
  A wretched star (Abyss:3)
  4 skeletal warriors
  3 goliath frogs
  8 large abominations
  5 deep trolls (Vaults:1)
  2 spriggan druids
  A shadow demon (Abyss:3)
  9 bog bodies
  2 deep elf pyromancers
  An orc knight (D:11)
  8 lindwurms
  9 swamp dragons
  A necromancer (Vaults:1)
  2 ironbound convokers (Vaults:1)
  2 wizards
  2 oklob plants
  6 cyclopes
  2 ugly things (Vaults:1)
  4 manticores
  A salamander (Abyss:3)
  5 will-o-the-wisps
  A worldbinder (Abyss:3)
  20 elephants
  Maurice (D:13)
  5 black mambas
  A vault sentinel (Vaults:1)
  A smoke demon (Lair:6)
  8 cane toads
  6 kobold demonologists
  An unseen horror (D:8)
  A cane toad (shapeshifter) (Lair:6)
  2 freezing wraiths
  9 komodo dragons
  4 rime drakes
  A demonic crawler (Lair:4)
  2 ancient zymes
  A troll (shapeshifter) (D:14)
  7 trolls
  4 polar bears
  A bloated husk (Swamp:1)
  12 tyrant leeches
  A wolf spider simulacrum (D:14)
  5 hornets
  27 blink frogs
  4 slime creatures
  A meliai zombie (D:11)
  6 dream sheep (Lair:5)
  A jumping spider (Lair:4)
  A spriggan (shapeshifter) (Lair:6)
  3 shadows
  A ynoxinul (Lair:6)
  4 wyverns
  3 golden eyes (Abyss:3)
  6 wraiths
  8 basilisks
  An elf skeleton (Vaults:1)
  4 steam dragons
  16 humans
  38 yaks
  A chaos spawn (Lair:6)
  18 vampire mosquitoes
  2 redbacks (Lair:4)
  4 wargs
  2 two-headed ogre zombies (D:11)
  18 swamp worms
  3 acid dragons
  A naga (Abyss:3)
  13 water moccasins
  13 orc warriors
  14 swamp drakes
  4 black bears
  A human zombie (Vaults:1)
  22 ogres
  2 necrophages
  2 boggarts
  14 wolves
  14 centaurs
  A phantom (D:11)
  4 kobold brigands
  11 bullfrogs
  A wyvern zombie (D:9)
  A gnoll sergeant (D:9)
  11 small abominations
  A water moccasin zombie (D:5)
  4 scorpions
  A troll zombie (D:11)
  5 howler monkeys
  3 centaur zombies
  5 starcursed masses (Abyss:3)
  2 quasits (Abyss:3)
  A human simulacrum (Vaults:1)
  2 bullfrog skeletons (D:6)
  A gnoll shaman (D:4)
  3 hounds (D:6)
  12 orc priests
  3 jellies
  A centaur skeleton (D:5)
  24 orc wizards
  2 iguanas
  A killer bee zombie (D:7)
  5 ogre zombies (D:11)
  A mummy (D:7)
  A howler monkey zombie (D:10)
  12 gnolls
  A howler monkey skeleton (D:5)
  4 adders
  A shadow imp (D:6)
  A white imp (Vaults:1)
  2 ufetubi
  An adder zombie (D:5)
  2 adder skeletons (D:4)
  A worm (D:5)
  A dart slug (D:2)
  66 orcs
  7 ball pythons
  8 bats
  2 endoplasms
  A giant cockroach (D:1)
  5 goblins
  8 hobgoblins
  5 jackals (D:4)
  18 kobolds
  4 quokkas
  3 frilled lizards
  A goblin skeleton (D:11)
  3 goblin zombies (D:11)
  A hobgoblin skeleton (D:11)
  3 hobgoblin zombies
  A kobold zombie (D:7)
  2 orc skeletons (D:11)
  17 orc zombies
  6 rats
  A bush (Lair:5)
861 creatures vanquished.

Vanquished Creatures (collateral kills)
  An ironbound preserver (Vaults:1)
  A hydra (Swamp:4)
  2 death yaks (Lair:2)
  3 deep trolls (Vaults:1)
  2 swamp dragons (Swamp:4)
  2 vault sentinels (Vaults:1)
  A freezing wraith (D:12)
  A phantom (D:11)
  An orc zombie (D:11)
14 creatures vanquished.

Vanquished Creatures (others)
  3 orcs
  A kobold (D:8)
  2 demonic plants (Abyss:3)
  10 foxfires
  38 fungi
  23 plants
77 creatures vanquished.

Grand Total: 952 creatures vanquished

Notes
Turn   | Place    | Note
-------+----------+-------------------------------------------
     0 | D:1      | Shayle the Ogre Warper began the quest for the Orb.
     0 | D:1      | Reached XP level 1. HP: 22/22 MP: 3/3
    22 | D:1      | Found a faded altar of an unknown god.
   164 | D:1      | Reached XP level 2. HP: 29/29 MP: 5/5
   968 | D:1      | Reached XP level 3. HP: 36/36 MP: 6/6
  1374 | D:2      | Found a bloodstained altar of Trog.
  1575 | D:2      | Found the +6 shillelagh "Devastator" {shatter}
  2307 | D:3      | Identified the amulet "Juqy" {Reflect Harm rC+ rN+ SH+5}
  2419 | D:3      | Found a stormy altar of Qazlal.
  2426 | D:3      | Became a worshipper of Qazlal Stormbringer
  2486 | D:4      | Found a staircase to the Ecumenical Temple.
  2491 | Temple   | Entered the Ecumenical Temple
  2544 | D:3      | Reached XP level 4. HP: 38/44 MP: 7/7
  2549 | D:3      | Reached skill level 1 in Invocations
  2956 | D:3      | Found an ornate altar of the Wu Jian Council.
  3111 | D:4      | Reached XP level 5. HP: 50/50 MP: 8/8
  3239 | D:4      | Reached XP level 6. HP: 37/59 MP: 9/9
  3378 | D:4      | Identified a scroll of acquirement
  3378 | D:4      | Acquired the ring of Finality {rF+ Str+5 Dex+3 Slay+4}
  3382 | D:4      | Noticed a necrophage
  3387 | D:4      | Killed a necrophage
  3400 | D:4      | Reached * piety under Qazlal
  3769 | D:4      | Reached XP level 7. HP: 66/66 MP: 10/10
  4347 | D:5      | Entered Level 5 of the Dungeon
  4510 | D:6      | Reached skill level 5 in Invocations
  4727 | D:5      | Found a shadowy altar of Dithmenos.
  4995 | D:5      | Learned a level 2 spell: Blink
  4999 | D:5      | Learned a level 3 spell: Vampiric Draining
  5004 | D:5      | Learned a level 4 spell: Airstrike
  5110 | D:5      | Reached XP level 8. HP: 72/74 MP: 12/12
  5359 | D:5      | Reached ** piety under Qazlal
  5360 | D:5      | Reached skill level 1 in Air Magic
  5622 | D:5      | Found a glowing silver altar of Zin.
  5631 | D:5      | Found an iron altar of Okawaru.
  5801 | D:6      | Reached skill level 5 in Throwing
  5975 | D:6      | Acquired 817 gold pieces
  6122 | D:6      | Reached skill level 5 in Unarmed Combat
  6425 | D:6      | Found an ancient bone altar of Kikubaaqudgha.
  6874 | D:7      | Found a sparkling altar of Nemelex Xobeh.
  6878 | D:7      | Reached XP level 9. HP: 80/80 MP: 14/14
  6972 | D:7      | Found a glowing golden altar of the Shining One.
  7590 | D:7      | Found a burning altar of Makhleb.
  7919 | D:8      | Noticed a seven-headed hydra
  7919 | D:8      | Noticed a centaur warrior
  7938 | D:8      | Killed a centaur warrior
  8254 | D:8      | Killed an unseen horror
  8315 | D:8      | Noticed a two-headed ogre
  8337 | D:8      | Noticed a troll
  8366 | D:7      | Killed a troll
  8367 | D:7      | Reached XP level 10. HP: 57/88 MP: 17/17
  8504 | D:7      | Killed a two-headed ogre
  8896 | D:8      | Reached skill level 10 in Invocations
  9522 | D:8      | Identified the +4 great sword of Saxkapin {freeze, rN+}
  9886 | D:9      | Noticed a kobold demonologist
  9887 | D:9      | Noticed an orange demon
  9899 | D:9      | Noticed a soul eater
 10028 | D:8      | Killed a kobold demonologist
 10029 | D:8      | Reached skill level 5 in Air Magic
 10305 | D:9      | Reached *** piety under Qazlal
 10358 | D:9      | Found a shimmering blue altar of Sif Muna.
 10681 | D:9      | Found Ricsutud's Antique Armour Emporium.
 10684 | D:9      | Bought a runed hat for 147 gold pieces
 10754 | D:9      | Found Bummyruf's Book Shop.
 10802 | D:10     | Entered Level 10 of the Dungeon
 11003 | D:10     | Noticed an ogre mage
 11007 | D:10     | Killed an ogre mage
 11008 | D:10     | Reached skill level 3 in Fighting
 11008 | D:10     | Reached skill level 1 in Shields
 11008 | D:10     | Reached XP level 11. HP: 97/97 MP: 2/19
 11265 | D:10     | Found a hide-covered altar of Uskayaw.
 11450 | D:10     | Reached skill level 4 in Fighting
 11714 | D:10     | Found a sacrificial altar of Ru.
 11908 | D:11     | Noticed a two-headed ogre
 11915 | D:11     | Killed a two-headed ogre
 12067 | D:11     | You fall into a shaft and drop 1 floor!
 12073 | D:12     | Noticed a two-headed ogre
 12092 | D:12     | Killed a two-headed ogre
 12094 | D:12     | Reached skill level 5 in Fighting
 12138 | D:12     | Noticed a manticore
 12154 | D:12     | Killed a manticore
 12435 | D:12     | Noticed Gastronok
 12451 | D:12     | Killed Gastronok
 12581 | D:12     | Noticed Fannar
 12583 | D:12     | Reached skill level 5 in Shields
 12596 | D:12     | Noticed a deep elf pyromancer
 12883 | D:11     | Reached skill level 6 in Fighting
 12884 | D:11     | Reached XP level 12. HP: 96/114 MP: 21/21
 13007 | D:11     | Reached **** piety under Qazlal
 13011 | D:11     | Found a staircase to the Orcish Mines.
 13519 | D:11     | Noticed a boulder beetle
 13527 | D:11     | Noticed a boulder beetle
 13533 | D:11     | Killed a boulder beetle
 13576 | D:11     | Killed a boulder beetle
 13977 | D:11     | Identified the +7 long sword of Broken Luck {venom, MP+9
                  | Int+7}
 14526 | D:12     | Killed Fannar
 14527 | D:12     | Reached skill level 7 in Fighting
 15101 | D:13     | Found a white marble altar of Elyvilon.
 15126 | D:13     | Noticed a death knight
 15142 | D:13     | Killed a death knight
 15571 | D:13     | Noticed a boulder beetle
 15855 | D:8      | Found a staircase to the Lair.
 15865 | Lair:1   | Entered Level 1 of the Lair of Beasts
 16128 | Lair:1   | Reached skill level 8 in Fighting
 16153 | Lair:1   | Acquired the ring "Dyhatum" {rElec Int+6 Dex+2}
 16291 | Lair:1   | Found a shadowy altar of Dithmenos.
 16419 | Lair:1   | Noticed Erica
 16432 | Lair:1   | Killed Erica
 17246 | Lair:2   | Reached XP level 13. HP: 128/128 MP: 0/23
 17536 | Lair:2   | Noticed Harold
 17558 | Lair:2   | Noticed Nergalle
 17563 | Lair:2   | Killed Nergalle
 17777 | Lair:1   | Reached skill level 9 in Fighting
 18251 | Lair:2   | Killed Harold
 19183 | Lair:3   | Reached skill level 10 in Fighting
 19210 | Lair:3   | Found an ancient bone altar of Kikubaaqudgha.
 19444 | Lair:3   | Reached skill level 5 in Dodging
 20195 | Lair:3   | Reached XP level 14. HP: 142/144 MP: 13/24
 21063 | Lair:4   | Found a staircase to the Swamp.
 21347 | Lair:4   | Reached skill level 11 in Fighting
 21847 | Lair:4   | Reached ***** piety under Qazlal
 21887 | Lair:4   | Found a hole to the Spider Nest.
 22520 | Lair:5   | You fall into a shaft and drop 1 floor!
 22520 | Lair:6   | Entered Level 6 of the Lair of Beasts
 23178 | Lair:5   | Found a viscous altar of Jiyva.
 23179 | Lair:5   | Found a staircase to the Slime Pits.
 24191 | Lair:6   | Reached skill level 15 in Invocations
 25204 | Lair:6   | Reached skill level 12 in Fighting
 25628 | Lair:6   | Reached skill level 10 in Air Magic
 27083 | Lair:6   | Reached XP level 15. HP: 158/158 MP: 26/26
 27297 | Lair:6   | Identified the +0 leather armour of Vlad {rElec rF- Dex+4}
 27416 | Lair:6   | Reached skill level 13 in Fighting
 27421 | Lair:6   | Found a corrupted altar of Lugonu.
 27421 | Lair:6   | Found a one-way gate to the infinite horrors of the Abyss.
 27941 | Lair:5   | Learned a level 7 spell: Storm Form
 28163 | Swamp:1  | Entered Level 1 of the Swamp
 28442 | D:8      | Reached skill level 1 in Transmutations
 29781 | D:13     | Noticed Maurice
 29795 | D:13     | Killed Maurice
 30398 | D:14     | Noticed Rupert
 30398 | D:14     | Noticed Urug
 30398 | D:14     | Found a gate to the Vaults.
 30491 | D:14     | Killed Urug
 30492 | D:14     | Killed Rupert
 31590 | Orc:1    | Entered Level 1 of the Orcish Mines
 31855 | D:11     | Reached skill level 14 in Fighting
 32319 | Orc:2    | Entered Level 2 of the Orcish Mines
 32319 | Orc:2    | Found a staircase to the Elven Halls.
 34405 | Orc:2    | Reached XP level 16. HP: 174/174 MP: 1/28
 34969 | Orc:2    | Reached skill level 5 in Transmutations
 35075 | Orc:2    | Found Enaest's Jewellery Emporium.
 35083 | Orc:2    | Found Joat's Magic Scroll Shop.
 35083 | Orc:2    | Found Satileh's Book Emporium.
 35083 | Orc:2    | Found Defacsu's Magic Scroll Boutique.
 35093 | Orc:2    | Bought a scroll of teleportation for 45 gold pieces
 35093 | Orc:2    | Bought a scroll of fog for 30 gold pieces
 35093 | Orc:2    | Bought a scroll of teleportation for 45 gold pieces
 35095 | Orc:2    | Bought a scroll of teleportation for 39 gold pieces
 35372 | Orc:1    | Noticed Josephine
 35410 | Orc:2    | Reached ****** piety under Qazlal
 35534 | Orc:2    | Killed Josephine
 36241 | Lair:4   | Reached skill level 15 in Fighting
 37356 | Swamp:2  | Reached skill level 10 in Dodging
 38531 | Swamp:2  | Noticed Louise
 38549 | Swamp:2  | Killed Louise
 39625 | Swamp:3  | Reached skill level 16 in Fighting
 40578 | Swamp:3  | Identified Roxanne's Catalogue of Changing
 40578 | Swamp:3  | Noticed Roxanne
 40723 | Swamp:3  | Killed Roxanne
 41182 | Swamp:4  | Entered Level 4 of the Swamp
 41895 | Swamp:4  | Reached XP level 17. HP: 189/189 MP: 16/29
 43259 | Swamp:4  | Reached skill level 17 in Fighting
 45045 | Swamp:4  | Got a decaying rune of Zot
 45613 | Spider:1 | Entered Level 1 of the Spider Nest
 45840 | Vaults:1 | Entered Level 1 of the Vaults
 46247 | Vaults:1 | Reached skill level 1 in Armour
 47330 | Vaults:1 | Reached skill level 18 in Fighting
 47957 | Vaults:1 | Cast into level 3 of the Abyss (a wizard)
 47957 | Abyss:3  | Found a corrupted altar of Lugonu.
 48068 | Abyss:3  | Gained mutation: You occasionally shout uncontrollably at
                  | your foes. [a cacodemon]
 48073 | Abyss:3  | Gained mutation: You are clumsy. (Dex -2) [a cacodemon]
 48074 | Abyss:3  | Paralysed by a great orb of eyes for 5 turns
 48079 | Abyss:3  | Noticed a lich
 48082 | Abyss:3  | Gained mutation: You are dopey. (Int -2) [a cacodemon]
 48088 | Abyss:3  | Gained mutation: You are frail. (-10% HP) [a cacodemon]
 48089 | Abyss:3  | Killed a lich
 48097 | Abyss:3  | Got the Incunabulum of Earth
 48150 | Abyss:3  | HP: 8/175 [rakshasa (1)]
 48212 | Abyss:3  | Lost mutation: You are frail. (-10% HP) [potion of
                  | mutation]
 48212 | Abyss:3  | Lost mutation: You are dopey. (Int -2) [potion of mutation]
 48212 | Abyss:3  | Lost mutation: You occasionally shout uncontrollably at
                  | your foes. [potion of mutation]
 48212 | Abyss:3  | Gained mutation: Your body sometimes deteriorates upon
                  | taking damage. [potion of mutation]
 48212 | Abyss:3  | Gained mutation: Armour fits poorly on your strangely
                  | shaped body. [potion of mutation]
 48212 | Abyss:3  | Gained mutation: You are partially covered in large bone
                  | plates. (SH +4) [potion of mutation]
 48213 | Abyss:3  | Lost mutation: Armour fits poorly on your strangely shaped
                  | body. [potion of mutation]
 48213 | Abyss:3  | Lost mutation: Your body sometimes deteriorates upon taking
                  | damage. [potion of mutation]
 48213 | Abyss:3  | Lost mutation: You are clumsy. (Dex -2) [potion of
                  | mutation]
 48213 | Abyss:3  | Gained mutation: Your flesh is cold resistant. (rC+)
                  | [potion of mutation]
 48295 | Abyss:3  | Noticed a tentacled starspawn
 48298 | Abyss:3  | Killed a tentacled starspawn
 48299 | Abyss:3  | HP: 8/195 [raiju/living lightning (6)]
 48300 | Abyss:3  | Killed from afar by a raiju

Illustrated notes

Levels and vault maps discovered:
D:1:      wander_arrival_abandoned_jail, layout_rooms, serial_aquarium,
          aquarium_bridge_island_small [aquarium_subvault_small_water,
          aquarium_subvault_window, aquarium_subvault_window,
          aquarium_subvault_bridge, aquarium_subvault_wall],
          aquarium_bridge_square [aquarium_subvault_bridge,
          aquarium_subvault_bridge, aquarium_subvault_wall,
          aquarium_subvault_bridge], aquarium_window_fake, aquarium_window_2,
          aquarium_window_1, aquarium_window_corner, aquarium_view_2c,
          aquarium_balcony_3a, aquarium_pool_four,
          shapermc_ecumenical_altar_venn, st_stairs_4,
          wander_ebering_terrifying_dragon_lair
D:2:      layout_basic, basic_altar
D:3:      layout_loops_ring, mainiacjoe_overflow_alcove_1,
          nicolae_wu_jian_immortal_techniques
D:4:      layout_loops_ring, minmay_temple_entry_mini_moons, serial_aquarium,
          aquarium_bridge_long_joined [aquarium_subvault_wall,
          aquarium_subvault_wall, aquarium_subvault_bridge,
          aquarium_subvault_wall, aquarium_subvault_wall,
          aquarium_subvault_wall], aquarium_bridge_straight
          [aquarium_subvault_bridge, aquarium_subvault_window,
          aquarium_subvault_bridge, aquarium_subvault_window],
          aquarium_window_1, aquarium_window_1, aquarium_view_2c,
          aquarium_view_2e, aquarium_balcony_double_4
D:5:      layout_basic, grunt_dithmenos_smoke_and_mirrors,
          mainiacjoe_overflow_swirl
D:6:      layout_loops_corners, mainiacjoe_overflow_alcove_4,
          due_unseen_surprise
D:7:      layout_cave_pods, tso_oasis_becter,
          mainiacjoe_overflow_surrounded_room, lemuel_crystal_altar,
          hangedman_abyss_or_decor_stagger, minmay_mini_ossuary
D:8:      minmay_cut_squares, layout_loops_corners
D:9:      layout_rooms, led_sif_book, serial_shops, kennysheep_little_box,
          kennysheep_mini
D:10:     layout_roguey, nicolae_ru_the_path_less_chosen,
          mainiacjoe_overflow_tiny_flanked, minmay_librarian
D:11:     layout_loops_cross, zombieorc2_lemuel, small_chamber_with_monster,
          billiards_dpeg
D:12:     layout_loops_ring, uniq_fannar, uniq_gastronok
D:13:     layout_loops_ring, minmay_misc_feat_tiny, elyvilon_altar_1,
          uniq_maurice
D:14:     layout_cave_pods, david_vaults_3, kennysheep_pointless_box
Temple:   eino_wide_crystal_templ
Lair:1:   layout_roguey, basic_altar, st_stairs_9, uniq_erica
Lair:2:   layout_regular_city, grunt_megastairs_5, serial_bayou_shore_b,
          uniq_harold, uniq_nergalle
Lair:3:   layout_cave_pods, basic_altar
Lair:4:   layout_roguey, minmay_swamp_entry_worms, spider_nest_entry_funnel_web,
          nicolae_lair_lindhole
Lair:5:   layout_small_grid, slime_altar_1, minmay_lair_oklob_bushes,
          lemuel_fruit_tree
Lair:6:   hellmonk_lair_end_abyssal_woods, layout_hall_layers,
          infiniplex_staircase_pool
Swamp:1:  layout_basic_swamp, evilmike_swamp_ruin_house_1, swamp_pool5
Swamp:2:  layout_basic_swamp, evilmike_swamp_ruin_rubble_1,
          infiniplex_staircase_pool_2, uniq_louise
Swamp:3:  nicolae_swamp_decorative_isthmus, layout_basic_swamp,
          nicolae_swamp_feature_on_the_river_bank, uniq_roxanne
Swamp:4:  swamp_alternative, layout_basic_swamp, swamp_pool5,
          nicolae_swamp_alligator_family
Spider:1: layout_spider_delve, worms_lemuel
Orc:1:    layout_caves, basic_altar, lemuel_statue_altar, uniq_josephine
Orc:2:    st_orc_ogre_mass, layout_caves, nicolae_orc_crystal_geode
Vaults:1: nicolae_vaults_murderbox, vaults_mumra_lcd, ontoclasm_vaults_pinch,
          vaults_room_hallway, hangedman_vaults_river_flow, v_misc_26,
          serial_ice_g, v_misc_9, vaults_room_fancy_cross, v_misc_19,
          vaults_dpeg_hooks, nicolae_vaults_diagonal_hallway_9,
          ontoclasm_vaults_spin, v_pattern_3, grunt_vaults_diagonal,
          vaults_mumra_minichess, nicolae_vaults_little_squares_5,
          vaults_dpeg_ring, layout_vaults_ring
Abyss:3:  base: Swamp:4, minivault_24, evilmike_abyss_exit_plants,
          hangedman_abyss_lost_library, guppyfry_abyss_exit_imp_island,
          evilmike_abyss_exit_1, hangedman_abyss_or_decor_stabs

Skill      XL: |  1  2  3  4  5  6  7  8  9 10 11 12 13 14 15 16 17 |
---------------+----------------------------------------------------+-----
Unarmed Combat | 2 3 4 5 6 7 |  7.3
Throwing       | 2 3 4 5 6 7 |  7.6
Invocations    | 2 3 4 6 7 9 11 12 13 14 15 16 | 16.6
Air Magic      | 2 4 5 6 7 9 10 | 10.5
Fighting       | 3 6 8 10 12 14 16 18 | 18.2
Shields        | 1 5 7 9 |  9.0
Dodging        | 5 7 9 11 12 | 12.3
Transmutations | 4 7 9 |  9.0
Armour         | 4 |  4.3
Spellcasting   | |  2.4
Translocations | |  2.6

Action                   |  1- 3 |  4- 6 |  7- 9 | 10-12 | 13-15 | 16-18 || total
-------------------------+-------+-------+-------+-------+-------+-------++-------
Melee: Unarmed           |    61 |       |       |       |       |       ||    61
       Punch             |     3 |       |     2 |     2 |       |       ||     7
       Whip              |    39 |       |       |    12 |       |       ||    51
       Shillelagh        |    11 |    39 |   127 |   307 |   581 |   502 ||  1567
       Long sword        |       |       |       |       |     3 |       ||     3
       Eveningstar       |       |       |       |       |       |    14 ||    14
Throw: Boomerang         |     1 |       |     1 |       |     3 |       ||     5
       Dart              |       |       |     9 |     4 |     2 |       ||    15
       Throwing net      |       |       |     1 |       |       |     3 ||     4
       Javelin           |       |       |       |       |     5 |       ||     5
 Cast: Airstrike         |       |       |       |    32 |   318 |   319 ||   669
       Blink             |       |       |       |     3 |     4 |     3 ||    10
Invok: Elemental Force   |       |       |       |     2 |     4 |     4 ||    10
       Disaster Area     |       |       |       |       |     2 |     5 ||     7
       Upheaval          |       |       |       |       |       |     1 ||     1
Evoke: Wand              |       |       |       |       |     1 |     1 ||     2
  Use: Scroll            |       |     7 |     4 |    26 |     9 |    11 ||    57
       Potion            |       |       |     2 |     3 |     6 |    12 ||    23
 Stab: Sleeping          |     1 |       |       |       |       |       ||     1
       Invisible         |       |       |       |       |     3 |       ||     3
Armor: Robe              |    46 |     6 |    17 |       |       |       ||    69
       Acid dragon scale |       |       |    10 |   115 |   214 |   330 ||   669
Dodge: Dodged            |    52 |    14 |    70 |    86 |   215 |   331 ||   768
       Repelled          |       |       |       |     2 |    14 |    19 ||    35
Block: Other             |       |     1 |    18 |    33 |       |       ||    52
       Reflection        |       |       |     2 |     9 |    37 |     9 ||    57
       Kite shield       |       |       |       |   247 |   780 |   754 ||  1781

Table legend: (Time is in decaauts)
 A = Elapsed time spent in this place.
 B = Non-inter-level travel time spent in this place.
 C = Inter-level travel time spent in this place.
 D = Time resting spent in this place.
 E = Time spent auto-exploring this place.
 F = Levels seen in this place.
 G = Mean time per level.
                   A        B        C        D        E       F      G
               +--------+--------+--------+--------+--------+-----+--------+
         Total |  49484 |  46815 |   2669 |  19383 |  18383 |  30 | 1649.5 |
       Dungeon |  20384 |  19000 |   1384 |   5462 |   9883 |  14 | 1456.0 |
        Temple |      1 |      1 |      0 |      0 |      0 |   1 |    1.0 |
          Lair |  13528 |  12627 |    901 |   5644 |   4559 |   6 | 2254.7 |
         Swamp |   9362 |   9073 |    289 |   5115 |   2424 |   4 | 2340.5 |
   Spider Nest |      6 |      6 |      0 |      0 |      0 |   1 |    6.0 |
  Orcish Mines |   3671 |   3579 |     92 |   1882 |    905 |   2 | 1835.5 |
        Vaults |   2114 |   2114 |      0 |   1158 |    604 |   1 | 2114.0 |
         Abyss |    415 |    415 |      0 |    122 |      8 |   1 |  415.0 |
               +--------+--------+--------+--------+--------+-----+--------+

Top non-repeatable levels by time:
 Swamp:3: 3633 daAuts
  Lair:5: 3293 daAuts
    D:11: 2474 daAuts
  Lair:6: 2465 daAuts
    D:12: 2404 daAuts
 Swamp:4: 2248 daAuts
  Lair:4: 2143 daAuts
Vaults:1: 2114 daAuts
     D:7: 2102 daAuts
     D:8: 2100 daAuts
  Lair:3: 1982 daAuts
   Orc:2: 1883 daAuts
  Lair:1: 1867 daAuts
   Orc:1: 1788 daAuts
  Lair:2: 1775 daAuts
